 Dungeon Crawl Stone Soup version 0.29.1-13-g9f3cf754e1 (webtiles) character file.

Game seed: 8112520785994655930

21 Heoruswealwe the Grave Robber (level 2, -2/15 HPs)
             Began as a Deep Elf Necromancer on Feb 5, 2023.
             Slain by a worm (3 damage)
             ... on level 2 of the Dungeon.
             The game lasted 00:06:51 (571 turns).

Heoruswealwe the Grave Robber (Deep Elf Necromancer) Turns: 571, Time: 00:06:51

Health: -2/15      AC:  2    Str:  5    XL:     2   Next: 62%
Magic:  5/8        EV: 12    Int: 19    God:
Gold:   49         SH:  0    Dex: 15    Spells: 6/7 levels left

rFire   . . .      SeeInvis .   e - +0 dagger
rCold   . . .      Faith    .   (no shield)
rNeg    . . .      Spirit   .   a - +0 robe
rPois   .          Reflect  .   (no helmet)
rElec   .          Harm     .   (no cloak)
rCorr   .          Rampage  .   (no gloves)
Will    .....                   (no boots)
Stlth   ++........              (no amulet)
HPRegen 0.05/turn               (no ring)
MPRegen 0.11/turn               (no ring)

@: no status effects
A: no striking features
a: no special abilities


You were on level 2 of the Dungeon.
You visited 1 branch of the dungeon, and saw 2 of its levels.

You collected 49 gold pieces.

Inventory:

Hand Weapons
 c - a +0 club
 d - a +0 club
 e - a +0 dagger (weapon)
 j - a +0 dagger
 k - a +0 spear
 l - a +0 hand axe
 o - a +0 flail
 p - a +2 dagger of holy wrath
Armour
 a - a +0 robe (worn)
Jewellery
 n - a ring of ice
Scrolls
 g - a scroll of poison {unknown}
 i - 2 scrolls of teleportation {unknown}
 m - a scroll of identify {unknown}
 q - a scroll of butterflies {unknown}
Potions
 b - a potion of magic
 f - a potion of curing {unknown}
 h - 2 potions of heal wounds {unknown}
 r - a potion of ambrosia {unknown}


   Skills:
 + Level 2.4 Dodging
 + Level 2.4 Stealth
 + Level 3.1 Spellcasting
 + Level 5.6 Necromancy


You had 6 spell levels left.
You knew the following spells:

 Your Spells              Type           Power      Damage    Failure   Level
a - Necrotise             Necr           96%        1d8       1%          1

Your spell library contained the following spells:

 Spells                   Type           Power      Damage    Failure   Level
 Vampiric Draining        Necr           24%        2d7       4%          3
 Animate Dead             Necr           24%        N/A       14%         4
 Agony                    Necr           24%        N/A       38%         5


Dungeon Overview and Level Annotations

Branches:
Dungeon (2/15)

Altars:


Message History

You are frozen.
Casting: Necrotise (safe; 1% risk of failure)
Confirm with . or Enter, or press ? or * to list all spells.
Aiming: Necrotise (safe; 1% risk of failure)
Press: ? - help, Shift-Dir - straight line, f/p - endoplasm
Aim: an endoplasm (almost dead, chance to affect: 92%)
The endoplasm writhes in agony.
You kill the endoplasm!
You climb upwards.
There is a stone staircase leading down here.
Found an inky potion.
Found a stone staircase leading down.
There is a stone staircase leading down here.
You climb downwards.
Found 9 gold pieces.
There is a stone staircase leading up here.
Casting: Necrotise (safe; 1% risk of failure)
Confirm with . or Enter, or press ? or * to list all spells.
Aiming: Necrotise (safe; 1% risk of failure)
Press: ? - help, Shift-Dir - straight line, f - worm
Aim: a worm (chance to affect: 88%)
The worm writhes in agony.
The goblin shouts!
The worm bites you.
Casting: Necrotise (safe; 1% risk of failure)
Confirm with . or Enter, or press ? or * to list all spells.
Aiming: Necrotise (safe; 1% risk of failure)
Press: ? - help, Shift-Dir - straight line, f/p - worm
Aim: a worm (moderately wounded, chance to affect: 88%)
The worm writhes in agony.
Casting: Necrotise (safe; 1% risk of failure)
Confirm with . or Enter, or press ? or * to list all spells.
Aiming: Necrotise (safe; 1% risk of failure)
Press: ? - help, Shift-Dir - straight line, f/p - worm
Aim: a worm (heavily wounded, chance to affect: 88%)
The worm writhes in agony.
The worm bites you!
Ouch! That really hurt!
* * * LOW HITPOINT WARNING * * *
The worm bites you.
You die...

. . #.#.## #..
. #....# .. #
#....##.# .
##....#.. .
.....#.### .
#.......# .
#...w...### #
#..@.......
#..g.......
#.....$....
............
#.#..........
.....####.....
#####. .....
## .....


You could see a worm and a goblin.

Vanquished Creatures
  A bat (D:1)
  5 endoplasms
  A giant cockroach (D:1)
  2 goblins (D:1)
  A kobold (D:1)
  A quokka (D:1)
  A ball python (D:1)
  2 frilled lizards (D:2)
14 creatures vanquished.

Vanquished Creatures (collateral kills)
  A ball python (D:1)
  A goblin (D:1)
  A rat (D:1)
3 creatures vanquished.

Grand Total: 17 creatures vanquished

Notes
Turn   | Place    | Note
-------+----------+-------------------------------------------
     0 | D:1      | Heoruswealwe the Deep Elf Necromancer began the quest for
                  | the Orb.
     0 | D:1      | Reached XP level 1. HP: 10/10 MP: 6/6
    38 | D:1      | Reached skill level 5 in Necromancy
   151 | D:1      | Reached XP level 2. HP: 15/15 MP: 5/8
   571 | D:2      | Slain by a worm

Illustrated notes

Levels and vault maps discovered:
D:1:      amcnicky_arrival_underground_garden, layout_loops_ring,
          ebering_ecumenical_altar_webs
D:2:      layout_rooms, basic_altar, grunt_ministairs_9

Skill      XL: |  1 |
---------------+----+-----
Necromancy     | 5 |  5.6
Dodging        | |  2.4
Stealth        | |  2.4
Spellcasting   | |  3.1

Action                   || total
-------------------------++-------
 Cast: Necrotise         ||    31
Armor: Robe              ||     1
Dodge: Dodged            ||     2
